 Dungeon Crawl Stone Soup version 0.22-a0-605-g9281fa2 (webtiles) character file.

5833 Mamutox the Basher (level 10, -12/104 HPs)
             Began as a Troll Fighter on July 8, 2018.
             Was a Follower of Okawaru.
             Mangled by a basilisk (13 damage)
             ... on level 7 of the Dungeon.
             The game lasted 00:20:17 (6248 turns).

Mamutox the Basher (Troll Fighter)                  Turns: 6248, Time: 00:20:18

Health: -12/104    AC:  7    Str: 26    XL:     10   Next: 51%
Magic:  9/9        EV: 10    Int:  9    God:    Okawaru [*.....]
Gold:   375        SH: 11    Dex: 12    Spells: 9/9 levels left

rFire    + + .     SeeInvis .   A - +2 flail (protect)
rCold    . . .     Gourm    +   c - +0 shield
rNeg     . . .     Faith    .   u - +2 robe {MR+}
rPois    .         Spirit   .   (helmet restricted)
rElec    .         Reflect  .   (no cloak)
rCorr    .         Harm     .   (gloves unavailable)
MR       +....                  (boots unavailable)
Stlth    +.........             (no amulet)
HPRegen  0.67/turn              x - ring of protection from fire
MPRegen  0.11/turn              q - ring of protection from fire

@: brilliant
A: large, unfitting armour, claws 3, fast metabolism 3, gourmand, regeneration
1, shaggy fur 1, tough skin 2
a: Heroism, Renounce Religion


You were on level 7 of the Dungeon.
You worshipped Okawaru.
Okawaru was aware of your devotion.
You were very full.

You visited 2 branches of the dungeon, and saw 9 of its levels.

You collected 423 gold pieces.
You spent 48 gold pieces at shops.

Inventory:

Hand Weapons
 A - a +2 flail of protection (weapon)
 B - a cursed -3 giant spiked club
Missiles
 v - 43 poisoned needles
Armour
 c - a +0 shield (worn)
 u - a +2 robe of magic resistance (worn)
Jewellery
 e - an uncursed ring of magical power
 q - a ring of protection from fire (right claw)
 t - a +5 ring of intelligence
 x - a ring of protection from fire (left claw)
Wands
 b - a wand of flame (12)
Scrolls
 a - a scroll of fog
 g - 2 scrolls of magic mapping
 j - 6 scrolls of remove curse
 m - 4 scrolls of teleportation
 p - a scroll of blinking {unknown}
 r - 2 scrolls of amnesia
 s - 3 scrolls of enchant weapon
 w - a scroll of noise {unknown}
 y - 2 scrolls of enchant armour {unknown}
Potions
 d - a potion of might
 h - 2 potions of flight
 i - 4 potions of curing
 k - 5 potions of haste
 l - 2 potions of brilliance
 n - 2 potions of berserk rage {unknown}
 o - a potion of agility {unknown}
 z - 3 potions of magic {unknown}
 D - 2 potions of lignification {unknown}
Comestibles
 f - 19 rations


   Skills:
 + Level 8.1 Fighting
 + Level 8.6 Maces & Flails
 - Level 2.4 Dodging
 + Level 8.1 Shields


You had 9 spell levels left.
You didn't know any spells.
Your spell library was empty.

Dungeon Overview and Level Annotations

Branches:
Dungeon (8/15)             Temple (1/1) D:7
   Lair: D:8-11

Altars:
Elyvilon
Fedhas
Kikubaaqudgha
Makhleb
Nemelex Xobeh
Okawaru
Qazlal
Ru
Sif Muna
Trog
Uskayaw
Xom
Yredelemnul
Zin
The Shining One

Shops:
D:4 *

Annotations:
D:7 Prince Ribbit


Innate Abilities, Weirdness & Mutations

You are too large for most types of armour.
You have claws for hands.
Your metabolism is lightning-fast.
You like to eat raw meat.
Your natural rate of healing is unusually fast.
You are covered in fur. (AC +1)
You have very tough skin. (AC +2)


Message History

* * * LOW HITPOINT WARNING * * *
There is a stone staircase leading up, spattered with blood here.
Prince Ribbit hits you but does no damage.
The basilisk gazes at you. You resist with almost no effort.
You climb upwards.
There is a stone staircase leading down here.
You fail to use your ability.
Prince Ribbit hits you but does no damage.
The basilisk bites you but does no damage.
You closely miss Prince Ribbit.
Prince Ribbit is moderately wounded.
You block Prince Ribbit's attack. Prince Ribbit barely misses you.
The basilisk bites you!
* * * LOW HITPOINT WARNING * * *
Unknown command.
It was a potion of brilliance.
You feel clever all of a sudden. You block Prince Ribbit's attack.
The basilisk bites you!
You die...

..####..####.#####.......<.....##
#.####..####.#####.###.........##
#...................###........##
#############.####..# ###...#####
#.####..# #...# # #.##....# ##.##
# #.##.##.# ###.### # #..F....#
#.....# # ####@#### #.....# #
#...l...# #.....# # #.##.##.#
#..(..#### #.##.##.# #.....#...
#.##....# #######.## #.####..#
#.## #.####..##########.##
#.......##...........
######.###.###..##.#.


You could see Prince Ribbit and a basilisk.

Vanquished Creatures
  A two-headed ogre (D:6)
  The ghost of NorthaanB the Slasher, a novice BaFi (D:4)
  A hippogriff (D:7)
  Sigmund (D:5)
  A spriggan (D:7)
  A hungry ghost (D:6)
  Edmund (D:5)
  A water moccasin (D:7)
  2 black bears
  2 orc warriors
  4 phantoms
  4 ogres
  3 sky beasts
  A wolf (D:8)
  6 centaurs
  A big kobold (D:6)
  A gnoll sergeant (D:7)
  6 bullfrogs
  3 scorpions
  10 killer bees
  A bullfrog zombie (D:5)
  2 crimson imps
  3 hounds
  A bullfrog skeleton (D:7)
  A gnoll shaman (D:4)
  3 orc priests
  Jessica (D:2)
  6 iguanas
  Natasha (twice) (D:2)
  3 orc wizards
  A worker ant (D:4)
  3 hound zombies
  A worker ant zombie (D:6)
  7 gnolls
  3 adders
  A shadow imp (D:6)
  An adder skeleton (D:7)
  4 worms
  2 dart slugs
  3 leopard geckos
  9 orcs
  2 ball pythons
  3 giant cockroaches
  8 goblins
  9 hobgoblins
  11 jackals
  15 kobolds
  A quokka (D:5)
  A ball python zombie (D:5)
  5 bats
  4 frilled lizards
  A leopard gecko skeleton (D:4)
  A quokka zombie (D:7)
  5 rats
175 creatures vanquished.

Vanquished Creatures (others)
  A plant (D:8)
1 creature vanquished.

Grand Total: 176 creatures vanquished

Notes
Turn   | Place    | Note
-------+----------+-------------------------------------------
     0 | D:1      | Mamutox the Troll Fighter began the quest for the Orb.
     0 | D:1      | Reached XP level 1. HP: 22/22 MP: 0/0
   151 | D:1      | Reached XP level 2. HP: 26/29 MP: 1/1
   638 | D:1      | Reached XP level 3. HP: 36/36 MP: 2/2
  1257 | D:2      | Noticed Jessica
  1263 | D:2      | Killed Jessica
  1362 | D:2      | Reached XP level 4. HP: 34/45 MP: 3/3
  1530 | D:2      | Noticed Natasha
  1533 | D:2      | Killed Natasha
  1738 | D:2      | Noticed Natasha
  1744 | D:2      | Killed Natasha
  1744 | D:2      | Reached XP level 5. HP: 53/53 MP: 4/4
  2191 | D:3      | Found a blossoming altar of Fedhas.
  2572 | D:4      | Noticed a phantom
  2572 | D:4      | Noticed a centaur
  2582 | D:4      | Killed a centaur
  2582 | D:4      | Reached XP level 6. HP: 53/62 MP: 5/5
  2730 | D:4      | Found Qamilaj's General Store.
  2735 | D:4      | Bought a scroll of identify for 24 gold pieces
  2735 | D:4      | Bought a scroll of fog for 24 gold pieces
  2759 | D:4      | Noticed NorthaanB's ghost (novice BaFi)
  2762 | D:4      | Found a transporter.
  2771 | D:4      | Found a transporter.
  2891 | D:4      | Found a stormy altar of Qazlal.
  2892 | D:4      | Noticed a fire elemental
  2894 | D:4      | Noticed a water elemental
  2894 | D:4      | Noticed an air elemental
  2970 | D:4      | Found a sacrificial altar of Ru.
  3002 | D:4      | Reached XP level 7. HP: 64/70 MP: 6/6
  3258 | D:4      | Killed NorthaanB's ghost
  3258 | D:4      | Reached skill level 5 in Fighting
  3258 | D:4      | Reached skill level 5 in Maces & Flails
  3258 | D:4      | Reached skill level 5 in Shields
  3299 | D:5      | Entered Level 5 of the Dungeon
  3335 | D:5      | Reached XP level 8. HP: 80/80 MP: 7/7
  3341 | D:5      | Found a hide-covered altar of Uskayaw.
  3657 | D:5      | Found a basalt altar of Yredelemnul.
  3713 | D:5      | Found a white marble altar of Elyvilon.
  3962 | D:5      | Noticed Edmund
  3997 | D:5      | Killed Edmund
  4025 | D:5      | Noticed Sigmund
  4056 | D:5      | HP: 4/83 [poisoned by Sigmund]
  4086 | D:5      | Killed Sigmund
  4259 | D:6      | Noticed a two-headed ogre
  4323 | D:5      | Reached XP level 9. HP: 20/89 MP: 8/8
  4668 | D:6      | Killed a two-headed ogre
  5241 | D:7      | Reached XP level 10. HP: 59/102 MP: 9/9
  5434 | D:7      | Found a staircase to the Ecumenical Temple.
  5444 | Temple   | Entered the Ecumenical Temple
  5453 | Temple   | Became a worshipper of Warmaster Okawaru
  5698 | D:7      | Found a deep blue altar of Sif Muna.
  5790 | D:7      | Reached * piety under Okawaru
  6157 | D:8      | Noticed Prince Ribbit
  6247 | D:7      | HP: 1/104 [basilisk (17)]
  6248 | D:7      | Mangled by a basilisk

Vault maps used:
D:1:      co_arrival_random_square_maze, minivault_5, st_stairs_7,
          minmay_pentomino_x2
D:2:      uniq_jessica, uniq_natasha
D:3:      lemuel_doored_altar
D:4:      lemuel_crystal_altar, serial_shops, shop, gammafunk_ghost_arena,
          nicolae_qazlal_style_of_elements
D:5:      kennysheep_ying_yang, kennysheep_mini_moat, first_ration,
          sigmund_edmund_badplayer
D:6:      cheibrodos_fzero
D:7:      marbit_many_paths, minmay_temple_entry_trees, the_bakery
D:8:      old_standard_altar, minmay_lair_entry_grove, uniq_prince_ribbit1
Temple:   eino_temple_lava

Skill      XL: |  1  2  3  4  5  6  7  8  9 10 |
---------------+-------------------------------+-----
Maces & Flails | 2 3 4 5 6 7 8 |  8.6
Fighting       | 3 4 5 6 7 8 |  8.1
Shields        | 3 4 5 6 7 8 |  8.1
Dodging        | |  2.4

Action                   |  1- 3 |  4- 6 |  7- 9 | 10-12 || total
-------------------------+-------+-------+-------+-------++-------
Melee: Flail             |   130 |    86 |   218 |   231 ||   665
       Mace              |       |    91 |   168 |       ||   259
Invok: Heroism           |       |       |       |     1 ||     1
  Use: Scroll            |       |     6 |     3 |       ||     9
       Potion            |       |       |     2 |     1 ||     3
 Stab: Sleeping          |       |     1 |       |       ||     1
  Eat: Chunk             |    16 |    18 |    31 |     9 ||    74
Armor: Robe              |    49 |    65 |   175 |    95 ||   384
Dodge: Dodged            |    46 |    75 |   154 |    87 ||   362
Block: Shield            |    82 |    96 |   255 |   132 ||   565

Table legend:
 A = Spawn XP
 B = Non-spawn XP
 C = Spawn XP percentage of total XP
 D = Spawn monster count
 E = Non-spawn monster count
 F = Spawn count percentage of total count
 G = Total turns spent on level
                    A         B        C        D         E        F      G
               +---------+---------+-------+---------+---------+-------+---------
         Total |       0 |    8334 |   0.0 |       0 |     175 |   0.0 |  6248
               +---------+---------+-------+---------+---------+-------+---------
           D:1 |       0 |      48 |   0.0 |       0 |      26 |   0.0 |  1243
           D:2 |       0 |     150 |   0.0 |       0 |      22 |   0.0 |   594
           D:3 |       0 |      67 |   0.0 |       0 |      14 |   0.0 |   728
           D:4 |       0 |    1125 |   0.0 |       0 |      19 |   0.0 |   739
           D:5 |       0 |    1646 |   0.0 |       0 |      27 |   0.0 |  1199
           D:6 |       0 |    2330 |   0.0 |       0 |      30 |   0.0 |   694
           D:7 |       0 |    2332 |   0.0 |       0 |      29 |   0.0 |   943
           D:8 |       0 |     636 |   0.0 |       0 |       8 |   0.0 |    90
               +---------+---------+-------+---------+---------+-------+---------
